 Dungeon Crawl Stone Soup version 0.21.1-1-g345015f (webtiles) character file.

77 Mesmaeker13 the Charmwright (level 3, -4/30 HPs)
             Began as a Demigod Skald on Apr 3, 2018.
             Slain by a river rat (6 damage)
             ... in a sewer.
             The game lasted 00:03:30 (2265 turns).

Mesmaeker13 the Charmwright (Demigod Skald)         Turns: 2265, Time: 00:03:31

Health: -4/30      AC:  4    Str: 16    XL:     3   Next: 92%
Magic:  8/8        EV: 12    Int: 17    God:
Gold:   115        SH:  0    Dex: 15    Spells: 4/5 levels left

rFire    . . .     SeeInvis .   a - +1 falchion
rCold    . . .     Gourm    .   (no shield)
rNeg     . . .     Faith    .   b - +0 leather armour
rPois    +         Spirit   .   u - +0 helmet
rElec    .         Reflect  .   (no cloak)
rCorr    .         Harm     .   (no gloves)
MR       .....                  (no boots)
Stlth    +.........             (no amulet)
HPRegen  0.10/turn              m - ring of poison resistance
MPRegen  0.11/turn              (no ring)

@: infused
A: high mp 1
a: no special abilities


You were in a sewer.
You were not hungry.

You visited 1 branch of the dungeon, and saw 3 of its levels.
You also visited: Sewer.

You collected 115 gold pieces.

Inventory:

Hand Weapons
 a - a +1 falchion (weapon)
 q - a cursed +0 lajatang
Armour
 b - a +0 leather armour (worn)
 o - a +0 buckler
 s - a +0 ring mail
 u - a +0 helmet (worn)
Jewellery
 m - a ring of poison resistance (left hand)
Wands
 t - a wand of polymorph (8)
Scrolls
 f - a scroll of enchant weapon
 k - a scroll of fear
 p - a scroll of immolation
Potions
 e - a potion of degeneration {unknown}
 g - a potion of lignification {unknown}
 h - a potion of brilliance {unknown}
 j - a potion of might {unknown}
 l - a potion of haste
 n - a potion of agility {unknown}
 r - a potion of curing {unknown}
Books
 c - a book of Battle

   Spells                             Type                      Level
   a - Infusion                       Charms                       1
   b - Shroud of Golubria             Charms/Translocation         2
   c - Song of Slaying                Charms                       2
   d - Spectral Weapon                Hexes/Charms                 3
   e - Regeneration                   Charms/Necromancy            3
Comestibles
 d - 5 rations
 i - a chunk of flesh


   Skills:
 + Level 2.5 Fighting
 + Level 2.4 Long Blades
 - Level 0.8 Armour
 - Level 2.2 Dodging
 + Level 0.8 Shields
 - Level 1.7 Spellcasting
 + Level 3.2 Charms


You had 4 spell levels left.
You knew the following spells:

 Your Spells              Type           Power        Failure   Level  Hunger
a - Infusion              Chrm           ##..         6%          1    #......


Dungeon Overview and Level Annotations

Branches:
Dungeon (3/15)


Innate Abilities, Weirdness & Mutations

You have an increased reservoir of magic. (+10% MP)


Message History

You closely miss the river rat. The river rat bites you.
You barely miss the river rat. The river rat closely misses you.
You hit the river rat.
The river rat is lightly wounded.
The river rat closely misses you.
You riposte.
You hit the river rat.
The river rat is moderately wounded.
You barely miss the river rat.
The river rat is moderately wounded.
The river rat misses you.
You riposte.
You barely miss the river rat.
The river rat is moderately wounded.
You closely miss the river rat.
The river rat is moderately wounded.
The river rat bites you!
* * * LOW HITPOINT WARNING * * *
The river rat bites you.
* * * LOW HITPOINT WARNING * * *
You hit the river rat.
The river rat is heavily wounded.
The river rat bites you.
You die...

≈≈≈≈≈...........≈≈≈
...................
...................
...................
#...........r.....
##.......##.......
#...##..## ##r....
∩..# ##.r### #r..
## ##rr@# ## #####


You could see a river rat and 2 rats.

Vanquished Creatures
  Robin (D:2)
  An adder (D:2)
  2 worms
  A dart slug (D:2)
  3 leopard geckos (D:1)
  4 giant cockroaches
  10 goblins
  4 hobgoblins
  4 kobolds
  11 bats
  2 frilled lizards (D:1)
  4 rats
47 creatures vanquished.

Notes
Turn   | Place    | Note
-------+----------+-------------------------------------------
     0 | D:1      | Mesmaeker13 the Demigod Skald began the quest for the Orb.
     0 | D:1      | Reached XP level 1. HP: 17/17 MP: 5/5
   657 | D:1      | Reached XP level 2. HP: 17/24 MP: 1/7
  1083 | D:1      | Reached skill level 3 in Charms
  1385 | D:2      | Reached XP level 3. HP: 29/29 MP: 4/8
  1905 | D:2      | Noticed Robin
  1939 | D:2      | Killed Robin
  2179 | D:3      | Found a glowing drain.
  2198 | Sewer    | Entered a sewer
  2265 | Sewer    | Slain by a river rat

Skill      XL: |  1  2 |
---------------+-------+-----
Fighting       | 2 |  2.5
Dodging        | 2 |  2.2
Long Blades    | 2 |  2.4
Charms         | 3 |  3.2
Armour         | |  0.8
Shields        | |  0.8
Spellcasting   | |  1.7

Action                   || total
-------------------------++-------
Melee: Falchion          ||   136
       Unarmed           ||     2
 Cast: Infusion          ||     9
  Use: Scroll            ||     3
  Eat: Chunk             ||     5
Armor: Leather armour    ||    53
       Skin              ||     1
Dodge: Dodged            ||   119
       Rpst.: Falchion   ||    34
